 Dungeon Crawl Stone Soup version 0.21.1-1-g345015fe64 (webtiles) character file.

989 Kejsarherre the Insei (level 7, 0/54 HPs)
             Began as a Black Draconian Transmuter on May 2, 2018.
             Was a Believer of Hepliaklqana.
             Killed themself with a bounced orb of electricity (8 damage)
             ... on level 5 of the Dungeon.
             The game lasted 00:22:33 (6045 turns).

Kejsarherre the Insei (Black Draconian Transmuter)  Turns: 6045, Time: 00:22:34

Health: 0/54       AC:  9    Str: 15      XL:     7   Next: 98%
Magic:  10/10      EV: 12    Int: 13      God:    Hepliaklqana [**....]
Gold:   110        SH:  0    Dex: 13 (14) Spells: 6/10 levels left

rFire    . . .     SeeInvis .     - Unarmed
rCold    . . .     Gourm    +   (no shield)
rNeg     . . .     Faith    .   (armour unavailable)
rPois    .         Spirit   .   (helmet restricted)
rElec    +         Reflect  .   k - +0 cloak
rCorr    .         Harm     .   l - +0 pair of gloves
MR       .....                  p - +0 pair of boots
Stlth    +.........             v - amulet of the gourmand
HPRegen  0.18/turn              s - +3 ring of strength
MPRegen  0.12/turn              (no ring)

@: no status effects
A: breathe lightning, unfitting armour, reduced essence, electricity resistance,
cold-blooded, AC +6
a: Breathe Lightning, Recall Ancestor, Ancestor Identity, Renounce Religion


You were on level 5 of the Dungeon.
You worshipped Hepliaklqana.
Hepliaklqana was pleased with you.
You were very hungry.

You visited 1 branch of the dungeon, and saw 6 of its levels.

You collected 215 gold pieces.
You spent 105 gold pieces at shops.

Inventory:

Missiles
 a - 95 arrows
Armour
 k - a +0 cloak (worn)
 l - a +0 pair of gloves (worn)
 p - a +0 pair of boots (worn)
Jewellery
 s - a +3 ring of strength (left hand)
 v - an amulet of the gourmand (around neck)
Wands
 u - a wand of iceblast (7)
Scrolls
 d - 2 scrolls of identify {unknown}
 e - 5 scrolls of teleportation {unknown}
 h - a scroll of magic mapping {unknown}
 j - a scroll of immolation {unknown}
 m - 3 scrolls of remove curse {unknown}
 n - 2 scrolls of random uselessness {unknown}
 o - a scroll of noise {unknown}
Potions
 g - a potion of curing
 q - a potion of lignification
 t - a potion of mutation {unknown}
Books
 b - a book of Changes

   Spells                             Type                      Level
   a - Beastly Appendage              Transmutation                1
   b - Sticks to Snakes               Transmutation                2
   c - Spider Form                    Transmutation/Poison         3
   d - Ice Form                       Ice/Transmutation            4
   e - Blade Hands                    Transmutation                5
 i - a book of Misfortune

   Spells                             Type                      Level
   a - Confusing Touch                Hexes                        1
   b - Confuse                        Hexes                        3
   c - Gell's Gravitas                Translocation                3
   d - Petrify                        Transmutation/Earth          4
   e - Metabolic Englaciation         Hexes/Ice                    5
   f - Yara's Violent Unravelling     Hexes/Transmutation          5
Comestibles
 c - 9 rations


   Skills:
 - Level 5.0 Fighting
 - Level 1.7 Dodging
 - Level 5.3 Unarmed Combat
 - Level 2.0 Spellcasting
 + Level 5.1 Transmutations
 - Level 4.3 Poison Magic


You had 6 spell levels left.
You knew the following spells:

 Your Spells              Type           Power        Failure   Level  Hunger
a - Beastly Appendage     Tmut           ##....       3%          1    ##.....
b - Spider Form           Tmut/Pois      ##........   11%         3    ####...


Dungeon Overview and Level Annotations

Branches:
Dungeon (6/15)
 Temple: D:4-7

Altars:
Hepliaklqana
Okawaru
Ru
Vehumet
Xom
Zin

Shops:
D:4 *[*[[

Annotations:
D:6 YoungGLord's ghost, novice HOFi


Innate Abilities, Weirdness & Mutations

You can breathe wild blasts of lightning.
Your glossy black scales are hard. (AC +6)
You cannot fit into any form of body armour.
You are resistant to electric shocks. (rElec)
You are cold-blooded and may be slowed by cold attacks.
Your life essence is reduced to manifest your ancestor. (-10% HP)


Message History

Your horns disappear.
You turn into a venomous arachnid creature.
Your +0 cloak melds into your body.
Your +0 pair of gloves melds into your body.
Your +0 pair of boots melds into your body.
The ogre completely misses you.
You have got your breath back.
Your transformation is almost over.
Your transformation has ended.
Your +0 cloak unmelds from your body.
Your +0 pair of gloves unmelds from your body.
Your +0 pair of boots unmelds from your body.
You fail to use your ability.
Eshargamelat emerges from the mists of memory!
You are feeling very hungry.
The ogre hits you with a giant club!
* * * LOW HITPOINT WARNING * * *
You breathe a wild blast of lightning!
The orb of electricity explodes!
The orb of electricity engulfs you! You resist.
You die...

........#.##.....##.#.....>..####
.####.>.#.###...###.#............
.####.#.#.# ##.## #.#.#.#...#####
.##...#(..####.# #.#.#.##.##
....####.......# #.#.#.##.#
......#......### #.#...##.#
...........#.# #.#.####.#
.#.......#)..######.#.# #.#
...#...#.....##.@.O...# #.#
.....#.......##.###R#.####.#
.....#.......#...##........#
...#...#..............######
.#.......#...#...######
...........#...#.##
..............###.#
.....#########.#.## ###### ##.##


You could see the friendly Eshargamelat the knight and an ogre.

Vanquished Creatures
  2 ice beasts (D:5)
  A phantom (D:2)
  An ogre (D:4)
  A gnoll sergeant (D:3)
  A howler monkey (D:4)
  A bullfrog zombie (D:5)
  2 orc priests
  A gnoll shaman (D:2)
  An orc wizard (D:3)
  A worker ant (D:5)
  8 gnolls
  A knight (D:6)
  3 adders
  An ooze (D:2)
  An adder skeleton (D:4)
  3 worms
  2 dart slugs
  2 leopard geckos
  10 orcs
  5 bats
  3 giant cockroaches
  6 goblins
  7 hobgoblins
  8 jackals
  7 kobolds
  A ball python (D:1)
  5 frilled lizards
  5 rats
90 creatures vanquished.

Vanquished Creatures (collateral kills)
  A howler monkey (D:5)
  A hound (D:5)
  A centaur skeleton (D:5)
  An orc wizard (D:4)
  An adder (D:2)
  2 gnolls
  A leopard gecko (D:4)
  An orc (D:3)
  A bat (D:3)
  A giant cockroach (D:3)
11 creatures vanquished.

Vanquished Creatures (others)
  3 ancestors
  A quokka (D:6)
4 creatures vanquished.

Grand Total: 105 creatures vanquished

Notes
Turn   | Place    | Note
-------+----------+-------------------------------------------
     0 | D:1      | Kejsarherre the Draconian Transmuter began the quest for the Orb.
     0 | D:1      | Reached XP level 1. HP: 16/16 MP: 3/3
   106 | D:1      | Reached XP level 2. HP: 17/23 MP: 3/5
   231 | D:1      | Found a shimmering altar of Xom.
   749 | D:1      | Found a glowing silver altar of Zin.
   749 | D:1      | Found a sacrificial altar of Ru.
   751 | D:1      | Found a radiant altar of Vehumet.
   751 | D:1      | Found a glowing silver altar of Zin.
   751 | D:1      | Found a shimmering altar of Xom.
   992 | D:2      | Reached XP level 3. HP: 28/28 MP: 4/6
  1017 | D:2      | Noticed a phantom
  1102 | D:2      | Found a hazy altar of Hepliaklqana.
  1323 | D:2      | Noticed an ice beast
  2315 | D:2      | Reached XP level 4. HP: 35/35 MP: 5/7
  2421 | D:2      | Found an iron altar of Okawaru.
  2809 | D:2      | Became a worshipper of Hepliaklqana the Forgotten
  3005 | D:2      | Killed a phantom
  3005 | D:2      | Reached skill level 5 in Unarmed Combat
  3005 | D:2      | Reached XP level 5. HP: 23/36 MP: 6/8
  3661 | D:3      | Reached XP level 6. HP: 22/45 MP: 6/9
  4078 | D:4      | Reached * piety under Hepliaklqana
  4142 | D:4      | Reached skill level 5 in Fighting
  4242 | D:4      | Found Giniutiz's Assorted Antiques.
  4245 | D:4      | Bought an ivory ring for 105 gold pieces
  4273 | D:4      | Found Cuokk's General Store.
  4461 | D:3      | Learned a level 3 spell: Spider Form
  4557 | D:3      | Reached skill level 1 in Poison Magic
  4557 | D:3      | Your scales start taking on a glossy black colour.
  4557 | D:3      | Reached XP level 7. HP: 23/54 MP: 6/10
  4557 | D:3      | Gained mutation: You are resistant to electric shocks. (rElec) [Black Draconian growth]
  4857 | D:4      | Found Anwiag's Antique Armour Boutique.
  4920 | D:4      | Found Rixuar's Antique Armour Emporium.
  4932 | D:4      | Found Quaggopias's Armour Emporium.
  5195 | D:5      | Entered Level 5 of the Dungeon
  5486 | D:5      | Reached ** piety under Hepliaklqana
  5487 | D:5      | Remembered your ancestor Eshargamelat as a knight
  5793 | D:5      | Reached skill level 5 in Transmutations
  5917 | D:6      | Found the +9 staff of Olgreb {rPois}
  5919 | D:6      | Noticed YoungGLord's ghost (novice HOFi)
  6045 | D:5      | Killed themself with a bounced orb of electricity

Skill      XL: |  1  2  3  4  5  6  7 |
---------------+----------------------+-----
Transmutations | 3 5 |  5.1
Unarmed Combat | 5 |  5.3
Fighting       | 3 5 |  5.0
Poison Magic   | 1 4 |  4.3
Dodging        | |  1.7
Spellcasting   | |  2.0

Action                   |  1- 3 |  4- 6 |  7- 9 || total
-------------------------+-------+-------+-------++-------
Melee: Unarmed           |   143 |   135 |    72 ||   350
       Kick              |    13 |     2 |       ||    15
       Tailslap          |    14 |    25 |    14 ||    53
       Headbutt          |    13 |    12 |    10 ||    35
       Punch             |     1 |     1 |     2 ||     4
 Cast: Beastly Appendage |    26 |    22 |    10 ||    58
       Spider Form       |       |     1 |     1 ||     2
Invok: Recall Ancestor   |       |     1 |     1 ||     2
       Ancestor Life: Kn |       |       |     1 ||     1
 Abil: Breathe Lightning |       |       |     2 ||     2
  Use: Potion            |       |     5 |     1 ||     6
 Stab: Sleeping          |       |     1 |       ||     1
       Distracted        |       |     1 |     1 ||     2
  Eat: Chunk             |     4 |     5 |     5 ||    14
       Ration            |     1 |       |       ||     1
Armor: Skin              |    38 |    49 |    36 ||   123
Dodge: Dodged            |    82 |    72 |    30 ||   184
